 Dungeon Crawl Stone Soup version 0.27-a0-1280-g9d2d252d84 (webtiles) character file.

Game seed: 13068681455341490081

6060 Johnny the Thaumaturge (level 10, -2/66 HPs)
             Began as a Deep Elf Earth Elementalist on June 13, 2021.
             Was a Follower of Dithmenos.
             Slain by a hornet (5 damage)
             ... on level 9 of the Dungeon.
             The game lasted 00:10:19 (9804 turns).

Johnny the Thaumaturge (DEEE)                       Turns: 9804, Time: 00:10:20

Health: -2/66      AC: 11    Str:  5    XL:     10   Next: 57%
Magic:  21/26      EV: 11    Int: 24    God:    Dithmenos [*.....]
Gold:   313        SH:  0    Dex: 15    Spells: 17/30 levels left

rFire    . . .     SeeInvis .   z - staff of conjuration
rCold    . . .     Faith    .   (no shield)
rNeg     . . .     Spirit   .   B - +0 acid dragon scales
rPois    .         Reflect  .   n - +1 helmet
rElec    .         Harm     .   v - +1 cloak {Stlth+}
rCorr    +         Rampage  .   x - +0 pair of gloves
Will     ++...                  (no boots)
Stlth    +++.......             g - amulet of magic regeneration
HPRegen  0.21/turn              w - ring of willpower
MPRegen  0.45/turn              E - ring of resist corrosion

@: slowed, wreathed by umbra, very slow
A: no striking features
a: Renounce Religion


You were on level 9 of the Dungeon.
You worshipped Dithmenos.
Dithmenos was aware of your devotion.
You visited 2 branches of the dungeon, and saw 10 of its levels.

You collected 313 gold pieces.

Inventory:

Hand Weapons
 j - a +1 vorpal spear
 l - a +1 dagger of flaming
 t - a +2 dire flail of protection
Missiles
 k - 80 stones
 H - 5 curare-tipped darts
Armour
 n - a +1 helmet (worn)
 v - a +1 cloak of stealth (worn)
 x - a +0 pair of gloves (worn)
 B - +0 acid dragon scales (worn)
Magical Staves
 z - a staff of conjuration (weapon)
Jewellery
 g - an amulet of magic regeneration (around neck)
 w - a ring of willpower (left hand)
 E - a ring of resist corrosion (right hand)
 I - a ring of wizardry
Wands
 c - a wand of polymorph (3)
 C - a wand of acid (8)
 D - a wand of flame (29)
Scrolls
 a - a scroll of holy word {unknown}
 b - 2 scrolls of blinking {unknown}
 e - 4 scrolls of summoning {unknown}
 h - 4 scrolls of teleportation
 i - 3 scrolls of identify
 p - 5 scrolls of fear {unknown}
 y - a scroll of fog
 A - a scroll of magic mapping {unknown}
 F - a scroll of silence {unknown}
Potions
 d - 4 potions of curing
 f - 3 potions of heal wounds {unknown}
 m - 3 potions of mutation {unknown}
 o - 4 potions of brilliance {unknown}
 q - 2 potions of might {unknown}
 r - 2 potions of lignification {unknown}
 s - a potion of degeneration {unknown}
 u - a potion of flight {unknown}
 G - a potion of haste {unknown}


   Skills:
 * Level 9.5 Fighting
 - Level 2.4 Dodging
 - Level 2.4 Stealth
 + Level 10.8 Spellcasting
 - Level 1.1 Transmutations
 + Level 9.4 Earth Magic


You had 17 spell levels left.
You knew the following spells:

 Your Spells              Type           Power      Damage    Failure   Level
a - Sandblast             Erth           100%       2d20      1%          1
b - Stone Arrow           Conj/Erth      100%       3d13      4%          3
c - Lee's Rapid Deconstr  Erth           27%        3d16*     6%          5
d - Petrify               Tmut/Erth      38%        N/A       12%         4

Your spell library contained the following spells:

 Spells                   Type           Power      Damage    Failure   Level
 Passwall                 Tmut/Erth      31%        N/A       1%          2
 Animate Skeleton         Necr           26%        N/A       11%         1
 Apportation              Tloc           26%        N/A       11%         1
 Corona                   Hex            14%        N/A       11%         1
 Summon Small Mammal      Summ           52%        N/A       11%         1


Dungeon Overview and Level Annotations

Branches:
Dungeon (9/15)             Temple (1/1) D:7            Lair (0/6) D:9
    Orc: D:9-12

Altars:
Ashenzari
Cheibriados
Dithmenos
Elyvilon
Fedhas
Gozag
Hepliaklqana
Kikubaaqudgha
Makhleb
Nemelex Xobeh
Okawaru
Qazlal
Ru
Sif Muna
Trog
Uskayaw
Vehumet
Wu Jian
Xom
Yredelemnul
Zin
The Shining One

Shops:
D:8 (


Message History

The blast of sand hits the hornet but does no damage.
The hornet is almost dead.
You feel yourself speed up. The hornet stings you!
You shrug off the repeated paralysis!
The hornet closely misses you.
The two-headed ogre hits you with a +0 giant club!
The two-headed ogre hits you with a +0 dire flail!
The hornet barely misses you.
Casting: Sandblast (safe; 1% risk of failure)
Confirm with . or Enter, or press ? or * to list all spells.
Aiming: Sandblast (safe; 1% risk of failure)
Press: ? - help, Shift-Dir - straight line, f/p - hornet
Aim: a hornet (severely wounded, umbra, 76% to hit)
The blast of sand hits the hornet.
The hornet is almost dead.
The hornet stings you!
* * * LOW HITPOINT WARNING * * *
You feel yourself slow down.
The two-headed ogre hits you with a +0 giant club!
* * * LOW HITPOINT WARNING * * *
The two-headed ogre hits you with a +0 dire flail.
* * * LOW HITPOINT WARNING * * *
Okay, then.
It was a potion of curing.
You feel better.
You feel yourself speed up. The hornet stings you.
* * * LOW HITPOINT WARNING * * *
You feel yourself slow down.
The hornet stings you but does no damage.
The two-headed ogre hits you with a +0 giant club.
* * * LOW HITPOINT WARNING * * *
The two-headed ogre misses you.
Okay, then.
Okay, then.
As you read the scroll labelled KYOSTE JACO, it crumbles to dust.
It is a scroll of identify.
y - a scroll of fog The hornet stings you but does no damage.
The hornet stings you.
You die...

>......# #...........
.......# #............
.......# #............
........ #............
........ #............
........ #............
........ #.....(......
........ #............
.......#####....@y......
.......#.........O......
.......#................
........................
#######.................
#######.................
.....##.................
####.##................<
####.##...............


You could see a two-headed ogre and a hornet.

Vanquished Creatures
  Erolcha (D:9)
  A centaur warrior (D:8)
  Maggie (D:7)
  A komodo dragon (D:9)
  Sigmund (D:5)
  A wraith (D:9)
  A steam dragon (D:8)
  Menkaure (D:6)
  Edmund (D:5)
  A water moccasin (D:8)
  3 ice beasts
  An orc warrior (D:8)
  2 black bears (D:7)
  2 necrophages (D:6)
  4 ogres
  A centaur (D:7)
  A phantom (D:4)
  A kobold brigand (D:7)
  3 scorpions
  3 bullfrogs
  A wyvern zombie (D:7)
  12 killer bees (D:8)
  12 wights
  A centaur skeleton (D:7)
  A jelly (D:6)
  A centaur zombie (D:8)
  4 hounds
  4 orc priests
  A bullfrog skeleton (D:6)
  5 orc wizards
  A hound skeleton (D:5)
  Robin (D:3)
  4 gnolls (D:2)
  4 adders
  A shadow imp (D:6)
  A white imp (D:7)
  2 worms
  A dart slug (D:1)
  25 orcs
  3 endoplasms
  2 giant cockroaches
  13 goblins
  17 hobgoblins
  4 jackals (D:1)
  6 quokkas
  5 ball pythons
  5 bats
  2 frilled lizards (D:2)
  13 kobolds
  8 rats
191 creatures vanquished.

Vanquished Creatures (others)
  2 plants (D:9)
2 creatures vanquished.

Grand Total: 193 creatures vanquished

Notes
Turn   | Place    | Note
-------+----------+-------------------------------------------
     0 | D:1      | Johnny the Deep Elf Earth Elementalist began the quest for
                  | the Orb.
     0 | D:1      | Reached XP level 1. HP: 10/10 MP: 6/6
   386 | D:1      | Reached XP level 2. HP: 16/16 MP: 5/8
   389 | D:1      | Reached skill level 1 in Fighting
   793 | D:1      | Reached XP level 3. HP: 20/20 MP: 8/10
  1105 | D:2      | Reached skill level 4 in Spellcasting
  1106 | D:2      | Reached XP level 4. HP: 11/26 MP: 3/12
  1740 | D:2      | Learned a level 3 spell: Stone Arrow
  2506 | D:3      | Noticed Robin
  2547 | D:3      | Found a faded altar of an unknown god.
  2559 | D:3      | Killed Robin
  2564 | D:3      | Reached XP level 5. HP: 4/31 MP: 4/13
  3587 | D:4      | Noticed an ogre
  3595 | D:4      | Killed an ogre
  3596 | D:4      | Reached skill level 5 in Spellcasting
  3596 | D:4      | Reached XP level 6. HP: 37/37 MP: 12/15
  3623 | D:4      | Reached skill level 5 in Earth Magic
  3634 | D:4      | Reached XP level 7. HP: 43/43 MP: 14/17
  3671 | D:4      | Reached skill level 6 in Spellcasting
  4131 | D:5      | Entered Level 5 of the Dungeon
  4231 | D:5      | Reached skill level 5 in Fighting
  4268 | D:5      | Found a stormy altar of Qazlal.
  4350 | D:5      | Noticed Edmund
  4599 | D:5      | Found a bloodstained altar of Trog.
  4599 | D:5      | Found a sparkling altar of Nemelex Xobeh.
  4702 | D:5      | Reached XP level 8. HP: 49/49 MP: 11/20
  4729 | D:5      | Learned a level 5 spell: Lee's Rapid Deconstruction
  4811 | D:5      | Killed Edmund
  4812 | D:5      | Reached skill level 7 in Spellcasting
  4825 | D:5      | Noticed Sigmund
  4829 | D:5      | Killed Sigmund
  5606 | D:6      | Reached skill level 8 in Spellcasting
  5866 | D:6      | Noticed Menkaure
  5871 | D:6      | Killed Menkaure
  6066 | D:6      | Found a snail-covered altar of Cheibriados.
  6165 | D:6      | Reached XP level 9. HP: 56/56 MP: 14/23
  6336 | D:7      | Found a staircase to the Ecumenical Temple.
  6347 | Temple   | Entered the Ecumenical Temple
  6553 | Temple   | Became a worshipper of Dithmenos the Shadowed
  6838 | D:7      | Noticed Maggie
  6900 | D:8      | Noticed a centaur warrior
  6911 | D:7      | Learned a level 4 spell: Petrify
  7446 | D:7      | Reached skill level 9 in Spellcasting
  7584 | D:7      | Killed Maggie
  8147 | D:8      | Killed a centaur warrior
  8227 | D:8      | Reached * piety under Dithmenos
  8228 | D:8      | Reached XP level 10. HP: 65/65 MP: 15/25
  8229 | D:8      | Reached skill level 10 in Spellcasting
  8752 | D:8      | Found Plog's Antique Weapon Shop.
  9372 | D:9      | Found a staircase to the Lair.
  9476 | D:9      | Noticed Erolcha
  9482 | D:9      | Killed Erolcha
  9796 | D:9      | Noticed a two-headed ogre
  9799 | D:9      | Paralysed by a hornet for 1 turns
  9803 | D:9      | HP: 3/66 [two-headed ogre (6)]
  9804 | D:9      | Slain by a hornet

Illustrated notes

Levels and vault maps discovered:
D:1:      onia_arrival_pentagram, layout_basic, minmay_tiny_reverse_x
D:2:      layout_loops_ring
D:3:      layout_rooms, ebering_ecumenical_altar_webs, uniq_robin
D:4:      layout_basic, hangedman_feature_mirror
D:5:      layout_basic, minitemple, lemuel_crystal_altar,
          sigmund_edmund_badplayer
D:6:      layout_rooms, amcnicky_altar_gilded, uniq_menkaure, uniq_sigmund
D:7:      layout_loops_ring, minmay_temple_entry_crystal_x, uniq_maggie
D:8:      layout_layer_cave, serial_shops, nicolae_shop_behind_doors,
          corexii_checkpoint_a
D:9:      layout_grid_maze, david_lair_shrubbed, roderic_nine_men_s_morris,
          uniq_erolcha
Temple:   dpeg_five_rooms_temple

Skill      XL: |  1  2  3  4  5  6  7  8  9 10 |
---------------+-------------------------------+-----
Fighting       | 1 2 3 4 5 6 8 9 |  9.5
Spellcasting   | 4 5 6 8 9 10 | 10.8
Earth Magic    | 4 5 6 7 8 9 |  9.4
Dodging        | |  2.4
Stealth        | |  2.4
Transmutations | |  1.1

Action                   |  1- 3 |  4- 6 |  7- 9 | 10-12 || total
-------------------------+-------+-------+-------+-------++-------
Melee: Unarmed           |     4 |       |       |       ||     4
       Spear             |       |    66 |     5 |       ||    71
       Dire flail        |       |       |    21 |     3 ||    24
       Staff             |       |       |       |    15 ||    15
 Cast: Sandblast         |    46 |    39 |    72 |    17 ||   174
       Stone Arrow       |       |     6 |    52 |    21 ||    79
       Lee's Rapid Decon |       |       |    12 |     4 ||    16
       Petrify           |       |       |       |     1 ||     1
Evoke: Wand              |       |       |       |     4 ||     4
  Use: Scroll            |       |       |     1 |     1 ||     2
       Potion            |       |       |       |     1 ||     1
 Stab: Sleeping          |       |     5 |     2 |       ||     7
Armor: Robe              |     4 |    15 |    33 |       ||    52
       Acid dragon scale |       |       |     7 |    19 ||    26
Dodge: Dodged            |    22 |    41 |    73 |    24 ||   160

Table legend: (Time is in decaauts)
 A = Elapsed time spent in this place.
 B = Non-inter-level travel time spent in this place.
 C = Inter-level travel time spent in this place.
 D = Time resting spent in this place.
 E = Time spent auto-exploring this place.
 F = Levels seen in this place.
 G = Mean time per level.
                   A        B        C        D        E       F      G
               +--------+--------+--------+--------+--------+-----+--------+
         Total |   9826 |   9462 |    364 |   2245 |   5863 |  10 |  982.6 |
       Dungeon |   9568 |   9277 |    291 |   2245 |   5683 |   9 | 1063.1 |
        Temple |    258 |    185 |     73 |      0 |    180 |   1 |  258.0 |
               +--------+--------+--------+--------+--------+-----+--------+

Top non-repeatable levels by time:
     D:2: 1707 daAuts
     D:7: 1523 daAuts
     D:5: 1229 daAuts
     D:8: 1144 daAuts
     D:1: 1028 daAuts
     D:6: 971 daAuts
     D:3: 821 daAuts
     D:4: 581 daAuts
     D:9: 559 daAuts
  Temple: 258 daAuts
